[Event "Titled Tuesday Blitz January 10 Early 2023"]
[White "Nguyen Hong Nhung"]
[Black "Makhmudov, Shukhrat"]
[WhiteFideId "12412201"]
[BlackFideId "14200775"]
[WhiteElo "2003"]
[BlackElo "2115"]
[Result "1-0"]
[Round "11"]
[TimeControl "180+2"]
[Date "2023.01.10"]
[WhiteClock "0:00:11"]
[BlackClock "0:00:17"]

1. e4 e5 2. Nf3 Nc6 3. d4 exd4 4. Nxd4 Nf6 5. Nc3 Bb4 6. Nxc6 bxc6 7. Bd3 d5 8. exd5 cxd5 9. O-O O-O 10. Bg5 c6 11. Qf3 Bd6 12. h3 Rb8 13. Rab1 Be5 14. Rfe1 Re8 15. Na4 h6 16. Bf4 Qd6 17. Bxe5 Rxe5 18. b3 Bd7 19. Nc3 Rbe8 20. Rxe5 Rxe5 21. Rd1 c5 22. a4 a6 23. Bc4 Bc6 24. Bxa6 d4 25. Qd3 Qe7 26. Ne2 Be4 27. Qd2 Rg5 28. Ng3 Qd6 29. Nxe4 Nxe4 30. Qe2 Nc3 31. Qe8+ Kh7 32. Bd3+ g6 33. Qxf7+ Kh8 34. Re1 Re5 35. Rxe5 Qxe5 36. Bxg6 Qg7 37. Qe8+ Qg8 38. Qe5+ Qg7 39. Qe6 Qf8 40. Bd3 Nd1 41. Qe5+ Kg8 42. Bc4+ Kh7 43. Qe4+ Kh8 44. Qh4 Kh7 45. a5 Nc3 46. Bd3+ Kh8 47. a6 Nd5 48. a7 Nf4 49. Qxf4 Qxf4 50. a8=Q+ Kg7 51. Qb7+ Kf6 52. Qe4 Qc1+ 53. Kh2 1-0


[Site "https://www.chess.com"]

[Event "Titled Tuesday Blitz January 10 Early 2023"]
[White "Kaplan, Avi Harrison"]
[Black "Aspire_ie"]
[WhiteFideId "30934559"]
[WhiteElo "2146"]
[BlackElo "2307"]
[Result "0-1"]
[Round "11"]
[TimeControl "180+2"]
[Date "2023.01.10"]
[WhiteClock "0:00:07"]
[BlackClock "0:00:28"]

1. d4 d6 2. c4 e5 3. Nc3 exd4 4. Qxd4 Nc6 5. Qd2 Nf6 6. b3 a5 7. Bb2 a4 8. Nxa4 d5 9. e3 Rxa4 10. bxa4 Bb4 11. Bc3 Ne4 12. Bxb4 Nxd2 13. Bxd2 d4 14. Nf3 O-O 15. Be2 d3 16. Bd1 Be6 17. Rc1 Qf6 18. O-O Qg6 19. Kh1 Rd8 20. Bb3 h6 21. Rfd1 Bg4 22. Bc3 Qh5 23. Rg1 Bxf3 24. gxf3 Qxf3+ 25. Rg2 Rd6 26. Bd1 Qe4 27. Bd2 Ne5 28. Kg1 Nxc4 29. Rg4 Rg6 30. h3 Rxg4+ 31. hxg4 Nxd2 32. Rxc7 Nf3+ 33. Kf1 Qxg4 34. Bxf3 Qxf3 35. Rd7 Qe2+ 36. Kg2 Qg4+ 37. Kf1 Qxd7 38. Ke1 d2+ 39. Kd1 Qd3 40. a5 h5 41. a6 bxa6 42. a4 h4 43. e4 h3 44. e5 h2 45. e6 h1=Q# 0-1


[Site "https://www.chess.com"]

[Event "Titled Tuesday Blitz January 10 Early 2023"]
[White "Novikova, Galina"]
[Black "Ruiz Aguilar, Pablo Alexander"]
[WhiteFideId "4157095"]
[BlackFideId "4401352"]
[WhiteElo "2073"]
[BlackElo "2161"]
[Result "0-1"]
[Round "11"]
[TimeControl "180+2"]
[Date "2023.01.10"]
[WhiteClock "0:00:18"]
[BlackClock "0:00:11"]

1. e4 c5 2. Nf3 e6 3. b4 cxb4 4. a3 d5 5. e5 Nc6 6. axb4 Bxb4 7. c3 Be7 8. d4 h5 9. Bd3 Nh6 10. O-O Nf5 11. Na3 Bd7 12. Nc2 a6 13. Ne3 Nxe3 14. Bxe3 h4 15. h3 b5 16. Nd2 Na5 17. f4 g6 18. Qg4 Rg8 19. f5 exf5 20. Bxf5 Bxf5 21. Rxf5 Qd7 22. Raf1 Rf8 23. R5f4 Qxg4 24. Rxg4 Nc4 25. Nxc4 bxc4 26. Bg5 Bxg5 27. Rxg5 Ke7 28. Rg4 a5 29. Rxh4 a4 30. Rhf4 a3 31. Ra1 Rfb8 32. Ra2 Rb3 33. Rf3 Rb2 34. Rf2 Rb3 35. Rfc2 Rab8 36. Kh2 Ke6 37. Kg3 R8b7 38. Kh4 Kf5 39. g4+ Ke4 40. Kg5 Kd3 41. h4 Rxc3 42. Rd2+ Ke3 43. h5 gxh5 44. gxh5 Rd3 45. Re2+ Kxd4 46. h6 Rg3+ 47. Kf5 Rh3 48. Rh2 Rxh2 49. Rxh2 c3 50. h7 Rb8 51. Kf6 Kd3 52. Kxf7 Rb7+ 53. Kg8 Rb8+ 54. Kg7 c2 55. Rh1 a2 56. e6 Kd2 57. Rh2+ Kc3 58. Rh1 Kb2 59. e7 c1=Q 60. Rh2+ Kb1 61. h8=Q a1=Q+ 0-1


[Site "https://www.chess.com"]

[Event "Titled Tuesday Blitz January 10 Early 2023"]
[White "Guimaraes, Wagner Peixoto"]
[Black "Avazkhonov, Alikhon"]
[WhiteFideId "2100940"]
[BlackFideId "14208504"]
[WhiteElo "2194"]
[BlackElo "1538"]
[Result "0-1"]
[Round "11"]
[TimeControl "180+2"]
[Date "2023.01.10"]
[WhiteClock "0:01:03"]
[BlackClock "0:01:39"]

1. e4 c5 2. Nf3 d6 3. d4 cxd4 4. Nxd4 Nf6 5. Nc3 a6 6. Bg5 e6 7. f4 h6 8. Bxf6 Qxf6 9. f5 Nc6 10. Nxc6 bxc6 11. fxe6 Bxe6 12. Qf3 Qxf3 13. gxf3 Be7 14. O-O-O O-O 15. h4 f5 16. Bh3 Rab8 17. h5 Bg5+ 18. Kb1 Bf6 19. Na4 Be5 20. b3 Rf6 21. Rhf1 fxe4 22. fxe4 Bxh3 0-1


[Site "https://www.chess.com"]

[Event "Titled Tuesday Blitz January 10 Early 2023"]
[White "Gracia Alvarez, Gerardo Antonio"]
[Black "Sovetbekova, Nurai"]
[WhiteFideId "5109124"]
[BlackFideId "13801910"]
[WhiteElo "2238"]
[BlackElo "1764"]
[Result "1/2-1/2"]
[Round "11"]
[TimeControl "180+2"]
[Date "2023.01.10"]
[WhiteClock "0:00:04"]
[BlackClock "0:00:18"]

1. d4 Nf6 2. Bf4 g6 3. Nf3 Bg7 4. c3 O-O 5. Nbd2 d6 6. e4 c5 7. dxc5 dxc5 8. h3 Nc6 9. Be2 Qb6 10. Nc4 Qd8 11. Qc2 Be6 12. a4 Qc8 13. O-O a6 14. Nb6 Qd8 15. Nxa8 Qxa8 16. Rfd1 Qc8 17. Ng5 c4 18. Nxe6 Qxe6 19. Bf3 Na5 20. e5 Nd7 21. Bd5 Qb6 22. Be3 Nc5 23. e6 fxe6 24. Bxc5 Qxc5 25. Bxe6+ Kh8 26. Rf1 Nb3 27. Rad1 Be5 28. Qe4 Bg3 29. Qxc4 Bxf2+ 30. Kh1 Qxc4 31. Bxc4 Nc5 32. g4 Rf6 33. Kg2 Bh4 34. Rd8+ Kg7 35. Rg8+ Kh6 36. Rxf6 Bxf6 37. Rc8 Nxa4 38. Bd5 Nxb2 39. Bxb7 a5 40. Bd5 a4 41. c4 a3 42. c5 Nd3 43. c6 Nf4+ 44. Kf3 Nxd5 45. Ra8 Bb2 46. Ke4 Nb6 47. Ra6 Nc8 48. h4 Kg7 49. Kd5 Kf7 50. Kc5 Nd6 51. c7 Ke6 52. Kc6 Bc1 53. Ra4 Bb2 54. Ra8 h6 55. Ra4 Kf7 56. Kd7 Kf6 57. Ra6 Ke5 58. Rxd6 exd6 59. c8=Q a2 60. Qe8+ Kd5 61. Qe6+ Kc5 62. Qxd6+ Kc4 63. Qc6+ Kb3 64. Qb5+ Ka3 65. Qa5+ Kb3 66. Qb5+ Ka3 67. Qa5+ Kb3 68. Qb5+ 1/2-1/2


[Site "https://www.chess.com"]

[Event "Titled Tuesday Blitz January 10 Early 2023"]
[White "Bon, Michael"]
[Black "Lakshmi C"]
[WhiteFideId "620696"]
[BlackFideId "25035347"]
[WhiteElo "2394"]
[BlackElo "1928"]
[Result "1-0"]
[Round "11"]
[TimeControl "180+2"]
[Date "2023.01.10"]
[WhiteClock "0:01:58"]
[BlackClock "0:00:02"]

1. e4 c5 2. Nf3 Nc6 3. d4 cxd4 4. Nxd4 Nf6 5. Nc3 e5 6. Ndb5 d6 7. Bg5 a6 8. Na3 b5 9. Bxf6 gxf6 10. Nd5 Bg7 11. c3 Ne7 12. Nxe7 Qxe7 13. Nc2 Bb7 14. Qg4 Bh6 15. a4 bxa4 16. Rxa4 Qe6 17. Qh5 Bc1 18. Rb4 Bc6 19. Bc4 Qd7 20. O-O a5 21. Rb6 Bg5 22. h4 Bf4 23. g3 Bxe4 24. Bb5 Ke7 25. Bxd7 Bxc2 26. Bf5 1-0


[Site "https://www.chess.com"]

[Event "Titled Tuesday Blitz January 10 Early 2023"]
[White "Osinovsky, Stepan"]
[Black "Riverol, Jose"]
[WhiteFideId "4157354"]
[BlackFideId "3000427"]
[WhiteElo "2241"]
[BlackElo "2304"]
[Result "0-1"]
[Round "11"]
[TimeControl "180+2"]
[Date "2023.01.10"]
[WhiteClock "0:00:29"]
[BlackClock "0:00:08"]

1. Nf3 Nf6 2. g3 g6 3. Bg2 Bg7 4. O-O O-O 5. d3 d5 6. Nbd2 c5 7. e4 Nc6 8. Re1 dxe4 9. dxe4 Bg4 10. h3 Be6 11. c3 Qc7 12. Qe2 Rfe8 13. Nc4 Rad8 14. Bf4 Qc8 15. a4 Bxh3 16. Ng5 Bxg2 17. Kxg2 Nh5 18. Be3 b6 19. Rh1 Nf6 20. e5 Ng4 21. e6 f5 22. Rxh7 Nce5 23. Rah1 Qc6+ 24. f3 Nxc4 25. Bf4 Nf6 26. Qxc4 Nxh7 27. Rxh7 Qd5 28. Qe2 Qd1 29. Qf2 Rd5 30. g4 Red8 31. Kg3 fxg4 32. Qh2 Rxg5 33. Bxg5 Qxf3+ 34. Kh4 Kxh7 35. Bxe7 Re8 36. Kg5+ Qh3 37. Qc7 Qh5+ 38. Kf4 Qf5+ 39. Ke3 Qxe6+ 40. Kd2 Qxe7 0-1


[Site "https://www.chess.com"]

[Event "Titled Tuesday Blitz January 10 Early 2023"]
[White "Dinu, Dumitru-Daniel"]
[Black "Fabris, Alberto"]
[WhiteFideId "1208403"]
[BlackFideId "801348"]
[WhiteElo "2203"]
[BlackElo "2230"]
[Result "1-0"]
[Round "11"]
[TimeControl "180+2"]
[Date "2023.01.10"]
[WhiteClock "0:00:11"]
[BlackClock "0:00:26"]

1. e4 c5 2. d4 cxd4 3. c3 d3 4. Bxd3 Nc6 5. Nf3 d6 6. h3 Nf6 7. O-O e6 8. c4 Be7 9. Nc3 O-O 10. Be3 a6 11. Rc1 b6 12. Re1 Bb7 13. Na4 Nd7 14. Qb3 Na5 15. Qa3 Nc6 16. Qb3 Na5 17. Qc3 Nc6 18. Nd4 Qc7 19. b4 Rab8 20. b5 Nxd4 21. Bxd4 Bf6 22. Bxf6 Nxf6 23. Qd4 Nd7 24. Red1 Rfd8 25. Bb1 Nc5 26. Nxc5 dxc5 27. Qe3 axb5 28. cxb5 Rxd1+ 29. Rxd1 Rd8 30. Rd2 Rd7 31. e5 Qd8 32. Rxd7 Qxd7 33. Be4 Bxe4 34. Qxe4 Qd5 35. Qxd5 exd5 36. a4 c4 37. Kf1 d4 38. Ke2 Kf8 39. a5 bxa5 40. b6 1-0


[Site "https://www.chess.com"]

[Event "Titled Tuesday Blitz January 10 Early 2023"]
[White "Simonovic, Miroslav"]
[Black "Horcajuelo Rocamora, Martin"]
[WhiteFideId "919152"]
[BlackFideId "24573027"]
[WhiteElo "2082"]
[BlackElo "2107"]
[Result "0-1"]
[Round "11"]
[TimeControl "180+2"]
[Date "2023.01.10"]
[WhiteClock "0:00:16"]
[BlackClock "0:00:16"]

1. d4 Nf6 2. Bg5 c5 3. Bxf6 gxf6 4. c3 Qb6 5. Qc2 cxd4 6. cxd4 Nc6 7. e3 d5 8. Nd2 Bg4 9. Ngf3 e6 10. Be2 Bf5 11. Qb3 Bd6 12. O-O Na5 13. Qa4+ Nc6 14. Rac1 O-O 15. Nb3 e5 16. Rfd1 e4 17. Nfd2 a6 18. Rc2 Bd7 19. Nc5 Bxc5 20. dxc5 Qc7 21. Nb3 Rad8 22. Nd4 Ne5 23. Qb3 Bc6 24. f4 exf3 25. gxf3 Rfe8 26. f4 Ng6 27. Qd3 Qe7 28. Nf5 Qe4 29. Qxe4 Rxe4 30. Bf3 Re6 31. Rcd2 Ne7 32. Nxe7+ Rxe7 33. Kf2 Red7 34. Rd4 Kf8 35. Bg4 Re7 36. Bf5 h6 37. e4 Rde8 38. exd5 Re2+ 39. Kf3 R8e3+ 40. Kg4 Rg2+ 41. Kh4 Rxh2+ 42. Kg4 h5# 0-1


[Site "https://www.chess.com"]

[Event "Titled Tuesday Blitz January 10 Early 2023"]
[White "Fernandez, Michael"]
[Black "Rosh Jain"]
[WhiteFideId "5803560"]
[BlackFideId "25789465"]
[WhiteElo "2181"]
[BlackElo "2248"]
[Result "1-0"]
[Round "11"]
[TimeControl "180+2"]
[Date "2023.01.10"]
[WhiteClock "0:01:05"]
[BlackClock "0:00:06"]

1. d4 Nf6 2. Nf3 d5 3. c4 e6 4. Nc3 Be7 5. Bg5 h6 6. Bxf6 Bxf6 7. e3 O-O 8. Be2 dxc4 9. Bxc4 a6 10. O-O b5 11. Bd3 Bb7 12. Ne4 Be7 13. Rc1 Nd7 14. Bb1 Rc8 15. Qd3 g6 16. Rfd1 Nf6 17. Nc5 Bxc5 18. Rxc5 Bxf3 19. gxf3 Nd7 20. Rc6 Nb8 21. Rc5 Nd7 22. Rc6 Qg5+ 23. Kh1 Nb6 24. Rg1 Qf6 25. f4 Nd5 26. a3 Kh8 27. Rxa6 c5 28. dxc5 Rxc5 29. b4 Rc3 30. Qxd5 Rxa3 31. Qxb5 Rxa6 32. Qxa6 Qh4 33. Qd6 Rg8 34. Qe5+ Kh7 35. f5 Qxf2 36. fxg6+ fxg6 37. Bxg6+ Rxg6 38. Qc7+ Kh8 39. Qd8+ Kh7 40. Qd7+ Kh8 41. Qe8+ Kh7 42. Qxg6+ Kh8 43. Qg8# 1-0


[Site "https://www.chess.com"]

[Event "Titled Tuesday Blitz January 10 Early 2023"]
[White "Quinones Garcia, Santiago"]
[Black "Kho, Darrell"]
[WhiteFideId "4408497"]
[BlackFideId "1019317"]
[WhiteElo "2248"]
[BlackElo "2075"]
[Result "1-0"]
[Round "11"]
[TimeControl "180+2"]
[Date "2023.01.10"]
[WhiteClock "0:01:31"]
[BlackClock "0:00:14"]

1. d3 d5 2. Nf3 Nf6 3. g3 c5 4. Bg2 Nc6 5. O-O e5 6. c3 Be7 7. Nbd2 O-O 8. e4 Be6 9. Re1 d4 10. c4 Nd7 11. Nf1 f6 12. h4 a6 13. N1h2 b5 14. b3 Rb8 15. g4 bxc4 16. bxc4 Nb6 17. g5 Qd7 18. Kh1 Kh8 19. Rg1 Nxc4 20. dxc4 Bxc4 21. Ba3 Be6 22. Qa4 c4 23. Bxe7 Nxe7 24. gxf6 Qxa4 25. fxe7 Rfe8 26. Nxe5 Rxe7 27. Nhf3 c3 28. Rad1 Qxa2 29. Nxd4 Qxf2 30. Rgf1 Qxh4+ 31. Kg1 Bg4 32. Rf4 Rxe5 33. Nc6 Qg3 34. Nxb8 Qxf4 35. Rd8+ 1-0


[Site "https://www.chess.com"]

[Event "Titled Tuesday Blitz January 10 Early 2023"]
[White "Johnson, Ben"]
[Black "Donskov, Anatoly"]
[WhiteFideId "2010917"]
[BlackFideId "24143413"]
[WhiteElo "1961"]
[BlackElo "2279"]
[Result "1-0"]
[Round "11"]
[TimeControl "180+2"]
[Date "2023.01.10"]
[WhiteClock "0:00:06"]
[BlackClock "0:00:07"]

1. Nf3 d5 2. e3 Nf6 3. c4 c6 4. Nc3 Bg4 5. cxd5 cxd5 6. Qb3 Bc8 7. d4 e6 8. Bd3 Bd6 9. O-O O-O 10. Re1 a6 11. e4 dxe4 12. Nxe4 Nxe4 13. Bxe4 Nd7 14. Ng5 Nf6 15. Bc2 Qa5 16. Be3 Bd7 17. Qd3 g6 18. Ne4 Nxe4 19. Qxe4 Bc6 20. Qh4 Rac8 21. a3 Bxg2 22. Bxg6 fxg6 23. Kxg2 Qd5+ 24. Kg1 Rc2 25. b4 Rf5 26. Qd8+ Rf8 27. Qh4 b5 28. Rac1 Ra2 29. Qg4 Rf5 30. Rc8+ Bf8 31. Rec1 Raxf2 32. Bxf2 Rg5 33. Qxg5 Qxg5+ 34. Kf1 Qf4 35. Kg2 Qe4+ 36. Kg1 Qg4+ 37. Kf1 Qf4 38. Kg1 Kg7 39. R1c7+ Kh6 40. Rc3 Bd6 41. Be3 Kg5 42. Bxf4+ Kxf4 43. R8c6 Ke4 44. Rxd6 1-0


[Site "https://www.chess.com"]

[Event "Titled Tuesday Blitz January 10 Early 2023"]
[White "Larina, Maria"]
[Black "Szyszylo, Rafal"]
[WhiteFideId "24113182"]
[BlackFideId "1109626"]
[WhiteElo "1948"]
[BlackElo "2091"]
[Result "1-0"]
[Round "11"]
[TimeControl "180+2"]
[Date "2023.01.10"]
[WhiteClock "0:01:03"]
[BlackClock "0:00:04"]

1. e4 d6 2. d4 Nf6 3. Nc3 g6 4. g3 Bg7 5. Bg2 O-O 6. Nge2 e5 7. Be3 Nc6 8. d5 Ne7 9. O-O Ng4 10. Bg5 f6 11. Bc1 f5 12. h3 Nf6 13. f4 Nxe4 14. Nxe4 fxe4 15. Nc3 exf4 16. Bxf4 Nf5 17. Re1 g5 18. Bc1 Bd4+ 19. Kh2 Bf2 20. Nxe4 Bxe1 21. Qxe1 h6 22. b3 Ng7 23. Bb2 Bf5 24. Qc3 Qe7 25. Nf6+ Rxf6 26. Qxf6 Qxf6 27. Bxf6 Rf8 28. Bd4 Bxc2 29. Rc1 Bd3 30. Rxc7 Rf7 31. Rc8+ Kh7 32. Rd8 Nf5 33. Rh8+ Kg6 34. Bc3 1-0


[Site "https://www.chess.com"]

[Event "Titled Tuesday Blitz January 10 Early 2023"]
[White "Langner, Ladislav"]
[Black "Adam, Ernestina"]
[WhiteFideId "300403"]
[BlackFideId "165883"]
[WhiteElo "2368"]
[BlackElo "2040"]
[Result "1-0"]
[Round "11"]
[TimeControl "180+2"]
[Date "2023.01.10"]
[WhiteClock "0:00:43"]
[BlackClock "0:01:57"]

1. e4 c6 2. d4 d5 3. e5 Bf5 4. Nd2 e6 5. Nb3 Ne7 6. Nf3 Bg6 7. Be2 Nf5 8. O-O Be7 9. c3 O-O 10. Ne1 Nd7 11. Nd3 c5 12. Nbxc5 Nxc5 13. dxc5 Qc7 14. b4 a5 15. g4 Nh4 16. Be3 Bxd3 17. Qxd3 Qxe5 18. f4 Qe4 19. Qxe4 dxe4 20. Rfd1 Rfd8 21. Rxd8+ Rxd8 22. Rd1 Rxd1+ 23. Bxd1 axb4 24. cxb4 Ng6 25. Bc2 f5 26. Bb3 Kf8 27. Bxe6 fxg4 28. Bd5 Bf6 29. Bxb7 Ne7 30. a4 Ke8 31. a5 Kd7 32. Bxe4 Kc7 33. a6 Kb8 34. c6 Nc8 35. b5 Bd8 36. Bxh7 Bc7 37. Bf5 Nd6 38. a7+ Ka8 39. Bd3 Nc8 40. Kg2 1-0


[Site "https://www.chess.com"]

[Event "Titled Tuesday Blitz January 10 Early 2023"]
[White "AidenRchess"]
[Black "ritanovikova"]
[WhiteElo "2385"]
[BlackElo "2112"]
[Result "1-0"]
[Round "11"]
[TimeControl "180+2"]
[Date "2023.01.10"]
[WhiteClock "0:00:54"]
[BlackClock "0:00:20"]

1. e4 e5 2. Nf3 Nc6 3. Bb5 a6 4. Ba4 Nf6 5. O-O b5 6. Bb3 Be7 7. a4 Bb7 8. d3 d6 9. Nc3 b4 10. Nd5 Nxd5 11. Bxd5 Na5 12. c3 Bxd5 13. exd5 bxc3 14. bxc3 O-O 15. d4 e4 16. Nd2 f5 17. Nb3 Nxb3 18. Qxb3 Rb8 19. Qc4 a5 20. Qe2 Bg5 21. Bxg5 Qxg5 22. Rab1 Rbe8 23. Kh1 f4 24. Rg1 Rf6 25. f3 e3 26. Rb5 Rh6 27. Rgb1 Qg3 28. h3 g5 29. Rb8 Rxb8 30. Rxb8+ Kg7 31. Rb7 Rh4 32. Rxc7+ Kf6 33. Rc6 Ke7 34. c4 h5 35. Rc7+ Kf6 36. Rh7 Qf2 37. Qd3 Qe1+ 38. Kh2 Qg3+ 39. Kg1 Qe1+ 40. Qf1 Qd2 41. Qb1 e2 42. Rh6+ Ke7 43. Qh7+ 1-0


[Site "https://www.chess.com"]

[Event "Titled Tuesday Blitz January 10 Early 2023"]
[White "Baches Garcia, Guillermo"]
[Black "Rosenberg, Evan S"]
[WhiteFideId "2209764"]
[BlackFideId "2019299"]
[WhiteElo "2327"]
[BlackElo "1956"]
[Result "0-1"]
[Round "11"]
[TimeControl "180+2"]
[Date "2023.01.10"]
[WhiteClock "0:00:05"]
[BlackClock "0:00:03"]

1. e4 e5 2. Nf3 Nc6 3. Nc3 Nf6 4. d4 exd4 5. Nxd4 Bb4 6. Nxc6 bxc6 7. Bd3 d5 8. Bd2 O-O 9. O-O Bg4 10. Qc1 Bd6 11. Bf4 Re8 12. Re1 Nh5 13. e5 Bb4 14. a3 Bc5 15. Na4 Bf8 16. Bd2 Rb8 17. h3 Be6 18. b4 g6 19. Be3 a5 20. Nc5 axb4 21. axb4 Rxb4 22. Bg5 Be7 23. Nxe6 fxe6 24. Bd2 Rb8 25. c4 Rf8 26. cxd5 cxd5 27. Bh6 c5 28. Bxf8 Qxf8 29. Ra7 c4 30. Bf1 Bc5 31. Ra2 Qf7 32. Qd2 Rf8 33. Rea1 Ng3 34. Ra8 Ne4 35. Rxf8+ Qxf8 36. Qa2 Nxf2 37. Qa8 Nxh3+ 38. Kh2 Ng5 39. Qxf8+ Kxf8 40. Ra6 Bd4 41. Rc6 Bxe5+ 42. g3 Ke7 43. Kg2 Kd7 44. Ra6 c3 45. Bd3 Ne4 46. Bxe4 dxe4 47. Ra2 Bd4 48. Kf1 e3 49. Ke2 Kd6 50. Kd3 e5 51. Rh2 h5 52. Ra2 Ke6 53. Ke4 Kf6 54. Ra6+ Kg5 55. Ra2 Kg4 56. Rg2 c2 57. Rxc2 Kxg3 58. Rc6 g5 59. Rg6 g4 60. Rh6 h4 0-1


[Site "https://www.chess.com"]

[Event "Titled Tuesday Blitz January 10 Early 2023"]
[White "Mrudul Dehankar"]
[Black "Estrada Nieto, Julian"]
[WhiteFideId "25096990"]
[BlackFideId "5101018"]
[WhiteElo "2030"]
[BlackElo "2215"]
[Result "1-0"]
[Round "11"]
[TimeControl "180+2"]
[Date "2023.01.10"]
[WhiteClock "0:00:05"]
[BlackClock "0:00:02"]

1. e4 e5 2. Nf3 Nc6 3. Bb5 a6 4. Ba4 Nf6 5. O-O Be7 6. Re1 b5 7. Bb3 d6 8. h3 Na5 9. c3 Nxb3 10. axb3 O-O 11. d4 Bb7 12. d5 c6 13. c4 cxd5 14. cxd5 Nd7 15. b4 f5 16. Nc3 Nb6 17. exf5 Rxf5 18. Be3 Nc4 19. b3 Nxe3 20. fxe3 Qb6 21. Kh1 Raf8 22. e4 Rf4 23. Rf1 Qe3 24. Rc1 Bc8 25. Qe1 Qxe1 26. Rcxe1 Bxh3 27. Kh2 Bg4 28. Re3 Bd8 29. Kg3 Bxf3 30. gxf3 Bb6 31. Rd3 R8f6 32. Ne2 Rg6+ 33. Kh3 Rff6 34. Rc3 Rg5 35. Ng3 Rh6+ 36. Kg2 Rhg6 37. f4 Rg4 38. fxe5 h5 39. Kh3 h4 40. Nf5 Kh7 41. Nxh4 R6g5 42. Nf5 dxe5 43. Rc6 1-0


[Site "https://www.chess.com"]

[Event "Titled Tuesday Blitz January 10 Early 2023"]
[White "Heinemann, Josefine"]
[Black "Cardozo Munar, Carlos Eduardo"]
[WhiteFideId "12900460"]
[BlackFideId "4409477"]
[WhiteElo "2289"]
[BlackElo "2043"]
[Result "1-0"]
[Round "11"]
[TimeControl "180+2"]
[Date "2023.01.10"]
[WhiteClock "0:02:36"]
[BlackClock "0:02:50"]

1. e4 e6 2. d4 d5 3. Nd2 c5 4. exd5 Qxd5 5. Ngf3 cxd4 6. Bc4 Qd7 7. O-O Nc6 8. Nb3 Nf6 9. Nbxd4 Nxd4 10. Nxd4 a6 11. Re1 Bd6 12. Nf5 Bxh2+ 13. Kxh2 Qc7+ 14. Kg1 Qxc4 15. Nd6+ 1-0


[Site "https://www.chess.com"]

[Event "Titled Tuesday Blitz January 10 Early 2023"]
[White "Tuleyeva-Aketayeva, Dana"]
[Black "Forgacs, Attila Jr."]
[WhiteFideId "13701932"]
[BlackFideId "773654"]
[WhiteElo "2130"]
[BlackElo "2264"]
[Result "0-1"]
[Round "11"]
[TimeControl "180+2"]
[Date "2023.01.10"]
[WhiteClock "0:00:01"]
[BlackClock "0:00:14"]

1. d4 Nf6 2. Nf3 g6 3. g3 Bg7 4. Bg2 O-O 5. O-O d6 6. c4 Nc6 7. Nc3 e5 8. dxe5 dxe5 9. Bg5 Be6 10. b3 h6 11. Bxf6 Qxf6 12. Ne4 Qe7 13. Rc1 f5 14. Nc3 e4 15. Ne1 Rad8 16. Qc2 Nb4 17. Qb1 Rd2 18. a3 Nc6 19. e3 Qxa3 20. Nb5 Qe7 21. Nc2 a6 22. Nba3 Ne5 23. Rfd1 Rfd8 24. Nd4 Rxd1+ 25. Rxd1 Nd3 26. Nxe6 Qxe6 27. Bf1 Qe7 28. Nc2 Ne5 29. Be2 c5 30. Rxd8+ Qxd8 31. b4 Qd2 32. Qd1 Qxd1+ 33. Bxd1 cxb4 34. Nxb4 Nxc4 35. Bb3 b5 36. Nxa6 Be5 37. Nc5 Kf7 38. Kf1 Ke7 39. Ke2 Kd6 40. Na6 Kc6 41. Nb4+ Kc5 42. Nc2 g5 43. h4 gxh4 44. gxh4 h5 45. f3 Bf6 46. fxe4 fxe4 47. Ne1 Bxh4 48. Ng2 Bg5 49. Bc2 Kd5 50. Bb3 h4 51. Bc2 h3 52. Nf4+ Bxf4 53. exf4 h2 54. Bxe4+ Kxe4 55. Kf2 h1=Q 56. Kg3 b4 57. f5 Kxf5 58. Kf2 b3 59. Ke2 b2 60. Kf2 b1=Q 61. Ke2 Qb5 62. Kf2 Qhb7 63. Ke2 Q7a6 64. Kf2 Ne5 65. Ke1 Qe2# 0-1


[Site "https://www.chess.com"]

[Event "Titled Tuesday Blitz January 10 Early 2023"]
[White "Joubert, Dantelle"]
[Black "Vifleemskaia, Svetlana"]
[WhiteFideId "14310813"]
[BlackFideId "4129490"]
[WhiteElo "1566"]
[BlackElo "1971"]
[Result "0-1"]
[Round "11"]
[TimeControl "180+2"]
[Date "2023.01.10"]
[WhiteClock "0:00:04"]
[BlackClock "0:00:15"]

1. d4 Nf6 2. c4 e6 3. Nf3 Bb4+ 4. Bd2 Qe7 5. g3 Nc6 6. Bg2 O-O 7. O-O Bxd2 8. Qxd2 d6 9. Nc3 a5 10. e4 e5 11. d5 Nb8 12. Ne1 Nbd7 13. Nd3 b6 14. a3 a4 15. Nb4 Bb7 16. Qc2 Nc5 17. Nd3 Nb3 18. Rab1 Nd4 19. Qd1 Ba6 20. Nb5 Bxb5 21. cxb5 Nxb5 22. Nb4 Nd4 23. Qd3 Ra5 24. Rfc1 Rc5 25. Na6 Rxc1+ 26. Rxc1 Rc8 27. Bh3 Ra8 28. Rxc7 Qd8 29. Rc1 b5 30. Nb4 g6 31. Nc6 Qb6 32. Nxd4 Qxd4 33. Qxd4 exd4 34. f3 g5 35. Bf5 Kf8 36. Rd1 Ra7 37. Rxd4 Rc7 38. Rd2 Ke7 39. Kf2 h6 40. Ke2 Nd7 41. f4 Nc5 42. e5 Nb3 43. Rd1 Rc4 44. Bd3 Rd4 45. Bxb5 dxe5 46. fxe5 Re4+ 47. Kf3 Rxe5 48. d6+ Kd8 49. d7 Rxb5 50. Kg4 Nc5 51. Rd5 Ra5 52. h4 gxh4 53. Kxh4 Nb7 54. Rxa5 Nxa5 55. Kh5 Kxd7 56. Kxh6 Nc4 57. Kg5 Ke6 58. Kf4 Nxb2 0-1


[Site "https://www.chess.com"]

[Event "Titled Tuesday Blitz January 10 Early 2023"]
[White "Mitrovic, Darko R"]
[Black "Buchenau, Frank"]
[WhiteFideId "927023"]
[BlackFideId "4604350"]
[WhiteElo "2220"]
[BlackElo "2222"]
[Result "1/2-1/2"]
[Round "11"]
[TimeControl "180+2"]
[Date "2023.01.10"]
[WhiteClock "0:00:05"]
[BlackClock "0:01:46"]

1. d4 e6 2. Nf3 Nf6 3. g3 b6 4. Bg2 Bb7 5. O-O Be7 6. c4 O-O 7. Nc3 Ne4 8. Nxe4 Bxe4 9. Ne1 f5 10. Bxe4 fxe4 11. d5 Bf6 12. dxe6 dxe6 13. Qxd8 Rxd8 14. Rb1 Nc6 15. Nc2 Rd7 16. Be3 Rad8 17. Rfc1 Ne5 18. b3 Ng4 19. Bf4 e5 20. Be3 Nxe3 21. Nxe3 Bg5 22. Rd1 Bxe3 23. Rxd7 Rxd7 24. fxe3 Rd2 25. Kf2 Rxa2 26. Rd1 Rb2 27. Rd8+ Kf7 28. Rd7+ Kf6 29. Rxc7 a5 30. Rc6+ Kf5 31. Rxb6 a4 32. b4 a3 33. b5 a2 34. Ra6 Rc2 35. b6 Rxc4 36. Rxa2 Rb4 37. Ra6 Rb1 38. Ra7 Kf6 39. b7 h5 40. h3 g5 41. g4 h4 42. Kg2 Ke6 43. Kf2 Kf6 44. Kg2 Ke6 45. Kf2 Kf6 1/2-1/2


[Site "https://www.chess.com"]

[Event "Titled Tuesday Blitz January 10 Early 2023"]
[White "Jenkins, Drake"]
[Black "Carbone, Diego"]
[WhiteFideId "2022397"]
[BlackFideId "3002179"]
[WhiteElo "2130"]
[BlackElo "2336"]
[Result "1-0"]
[Round "11"]
[TimeControl "180+2"]
[Date "2023.01.10"]
[WhiteClock "0:00:04"]
[BlackClock "0:00:01"]

1. Nf3 d5 2. c4 d4 3. b4 c5 4. b5 f6 5. d3 e5 6. g3 Be6 7. Bg2 Qd7 8. e3 a6 9. bxa6 Rxa6 10. exd4 cxd4 11. O-O Nc6 12. Re1 Nge7 13. Na3 Ng6 14. Nb5 h5 15. a4 Bb4 16. Bd2 Bc5 17. h4 Bg4 18. Qb3 O-O 19. Nh2 Bf5 20. Bf3 Bg4 21. Nxg4 hxg4 22. Bd5+ Kh7 23. Kg2 Nce7 24. h5 Nh8 25. Rh1 Nxd5 26. cxd5 Rd8 27. h6 g5 28. Ra2 Qxd5+ 29. Qxd5 Rxd5 30. Nc7 Rdd6 31. Nxa6 Rxa6 32. a5 Nf7 33. Rb1 Ra7 34. a6 bxa6 35. Rba1 Rb7 36. Rxa6 Rb3 37. Rxf6 Nxh6 38. Rh1 Rxd3 39. Rhxh6+ Kg7 40. Rhg6+ Kh7 41. Bxg5 Rf3 42. Rh6+ Kg7 43. Rxf3 gxf3+ 44. Kxf3 d3 45. Bd2 Bb4 46. Ke3 Kxh6 47. Bxb4 1-0


[Site "https://www.chess.com"]

[Event "Titled Tuesday Blitz January 10 Early 2023"]
[White "Fernandez Siles, Luis"]
[Black "Blokhin, Sofia"]
[WhiteFideId "2209420"]
[BlackFideId "4508190"]
[WhiteElo "2218"]
[BlackElo "2062"]
[Result "1-0"]
[Round "11"]
[TimeControl "180+2"]
[Date "2023.01.10"]
[WhiteClock "0:01:24"]
[BlackClock "0:00:34"]

1. e4 c5 2. Nf3 e6 3. c3 d5 4. exd5 exd5 5. d4 Nf6 6. Bb5+ Nc6 7. O-O Be7 8. dxc5 O-O 9. b4 a5 10. a3 axb4 11. Bxc6 bxc6 12. cxb4 Ba6 13. Re1 Ne4 14. Bb2 Bf6 15. Bxf6 Qxf6 16. Nbd2 Nc3 17. Qc2 d4 18. Ne4 Qg6 19. Ne5 Qf5 20. Nxc6 Rfe8 21. Nxd4 Qd5 22. Qxc3 Rxe4 23. Rxe4 Qxe4 24. Re1 Qg4 25. b5 Bb7 26. c6 Rc8 27. cxb7 Rxc3 28. Re8# 1-0


[Site "https://www.chess.com"]